 Dungeon Crawl Stone Soup version 0.18-a0-1343-g48c8f86 (webtiles) character file.

2 Gorice the Skirmisher (level 1, 0/18 HPs)
             Began as a Demonspawn Abyssal Knight on Feb 16, 2016.
             Was a Follower of Lugonu.
             Slain by a goblin (3 damage)
             ... on level 1 of the Dungeon.
             The game lasted 00:00:41 (94 turns).

Gorice the Skirmisher (Demonspawn Abyssal Knight)     Turns: 94, Time: 00:00:41

Health: 0/18       AC:  3    Str: 12    XL:     1   Next: 25%
Magic:  2/2        EV: 11    Int: 13    God:    Lugonu [*.....]
Gold:   0          SH:  0    Dex: 12    Spells: 0 memorised, 0 levels left

rFire  . . .     SeeInvis .     a - +1 falchion
rCold  . . .     Gourm    .     b - +0 leather armour
rNeg   . . .     Faith    .     (no shield)
rPois  .         Spirit   .     (no helmet)
rElec  .         Dismiss  .     (no cloak)
rCorr  .         Reflect  .     (no gloves)
SustAt .         Harm     .     (no boots)
MR     .....                    (no amulet)
Stlth  +.........               (no ring)
                                (no ring)

@: not resistant to hostile enchantments, very unstealthy
A: no striking features
a: Depart the Abyss, Renounce Religion


You were on level 1 of the Dungeon.
You worshipped Lugonu.
Lugonu was aware of your devotion.
You were not hungry.

You visited 1 branch of the dungeon, and saw 1 of its levels.
You visited the Abyss 1 time.

Inventory:

Hand Weapons
 a - a +1 falchion (weapon)
Armour
 b - a +0 leather armour (worn)
Comestibles
 c - a bread ration {!e}


   Skills:
 - Level 3.0 Fighting
 * Level 2.0 Long Blades
 - Level 1.7 Armour
 - Level 0.8 Dodging
 + Level 2.4 Invocations


You couldn't memorise any spells.
You didn't know any spells.

Dungeon Overview and Level Annotations

Branches:
Dungeon (1/15)

Altars:


Message History

Unknown command.
Unknown command.
You open the door.
There is an open door here.
You open the door.
There is an open door here.
You open the door.
There is an open door here.
A rat comes into view.
A rat and 2 goblins come into view.
The goblin shouts! x2
Found a robe.
A goblin comes into view.
The goblin shouts!
The rat bites you but does no damage.
You completely miss the rat. The rat barely misses you.
You barely miss the goblin. The goblin hits you but does no damage.
The rat bites you but does no damage. The goblin barely misses you.
You hit the goblin.
You kill the goblin!
Lugonu accepts your kill. The goblin misses you.
The rat bites you but does no damage. The rat barely misses you.
You slash the rat!
You kill the rat!
Lugonu accepts your kill. The goblin hits you with a dagger.
The rat barely misses you. The goblin hits you with a dagger.
The goblin hits you.
* * * LOW HITPOINT WARNING * * *
Damage: 13 (max 13)
The goblin hits you with a dagger.
* * * LOW HITPOINT WARNING * * *
Damage: 2 (max 13)
There is an open door here.
You hit the rat.
The rat is severely wounded.
The rat misses you.
You closely miss the rat.
The rat is severely wounded.
The rat closely misses you. The rat barely misses you.
You hit the rat.
You kill the rat!
Lugonu accepts your kill.
Your Long Blades skill increases to level 2!
The goblin hits you but does no damage.
You closely miss the goblin. The goblin hits you.
* * * LOW HITPOINT WARNING * * *
Damage: 1 (max 13)
You barely miss the goblin. The goblin hits you.
You die...

............#.......#
............#.......#
....................
......†...........#
......†...........#
......[.##........######
........+......g........
........#....##g########
.#......#....##@#
#......#######'#######
........#.............#
........#.###########.#
.......#..#
#.#######.#.#
#.......##.#
#.###'###.#.#
#.....#.#.#


You could see 2 goblins.

Vanquished Creatures
  A goblin (D:1)
  2 rats (D:1)
3 creatures vanquished.

Notes
Turn   | Place    | Note
--------------------------------------------------------------
     0 | Abyss:1  | Gorice the Demonspawn Abyssal Knight began the quest for the Orb.
     0 | Abyss:1  | Reached XP level 1. HP: 18/18 MP: 2/2
     8 | Abyss:1  | Found a corrupted altar of Lugonu.
    17 | Abyss:1  | Found a corrupted altar of Lugonu.
    45 | D:1      | Escaped the Abyss
    80 | D:1      | HP: 5/18 [goblin (4)]
    92 | D:1      | Reached skill level 2 in Long Blades
    93 | D:1      | HP: 3/18 [goblin (1)]
    94 | D:1      | Slain by a goblin

Vault maps used:
D:1:      matt_arrival_los_fun, minmay_ruptured
Abyss:1:  due_exit_kobolds

Action                   || total
-------------------------++-------
Melee: Falchion          ||     9

Table legend:
 A = Turns spent in this place as a percentage of turns spent in the entire game.
 B = Non-inter-level travel turns spent in this place as a percentage of non-inter-level travel turns spent in the entire game.
 C = Inter-level travel turns spent in this place as a percentage of turns spent in this place.
 D = Turns resting spent in this place as a percentage of non-inter-level travel turns spent in this place.
 E = Turns spent auto-exploring this place as a percentage of non-inter-level travel turns spent in this place.
 F = Non-inter-level travel turns spent in this place divided by the number of levels of this place that you've seen.
                   A       B       C       D       E      F
               +-------+-------+-------+-------+-------+----------------------
         Total | 100.0 | 100.0 |   0.0 |   0.0 |   1.3 |  38.5
       Dungeon |  31.2 |  31.2 |   0.0 |   0.0 |   4.2 |  24.0
         Abyss |  68.8 |  68.8 |   0.0 |   0.0 |   0.0 |  53.0
               +-------+-------+-------+-------+-------+----------------------

Vault maps used:
D:1:      matt_arrival_los_fun, minmay_ruptured
Abyss:1:  due_exit_kobolds
